 Dungeon Crawl Stone Soup version 0.30-a0-1114-gd936c97349 (console) character file.

Game seed: 6658308878796506992

1075 petzl the Magician (level 8, -10/58 HPs)
             Began as a Formicid Delver on Apr 20, 2023.
             Shot with a bolt by an orc warrior (17 damage)
             ... on level 6 of the Dungeon.
             The game lasted 00:28:11 (5481 turns).

petzl the Magician (Formicid Delver)                Turns: 5481, Time: 00:28:12

Health: -10/58     AC:  6    Str: 21    XL:     8   Next: 54%
Magic:  17/17      EV: 26    Int: 13    God:
Gold:   290        SH:  6    Dex: 18    Spells: 20/20 levels left

rFire   . . .      SeeInvis +    a - +0 sling (heavy)
rCold   . . .      Faith    .    k - +0 buckler
rNeg    . . .      Spirit   .    v - +0 ring mail
rPois   .          Reflect  .    (helmet unavailable)
rElec   .          Rampage  .    (no cloak)
rCorr   .                        (no gloves)
Will    .....                    x - +0 pair of boots
Stlth   +++                      t - amulet of the acrobat
HPRegen 0.29/turn                n - ring "Mismei" {Fly Str+5 Dex+3 Slay+4}
MPRegen 0.15/turn                (no ring)

@: acrobatic, flying
A: permanent stasis, dig shafts and tunnels, antennae 3, four strong arms
a: Dig, Shaft Self


You were on level 6 of the Dungeon.
You visited 1 branch of the dungeon, and saw 8 of its levels.

You collected 303 gold pieces.
You spent 13 gold pieces at shops.

Inventory:

Hand Weapons
 a - a +0 heavy sling (weapon)
 b - a +1 flail of holy wrath
 B - a +0 mace
 D - a +1 hand axe of flaming {!f =f}
Missiles
 p - a throwing net
 u - 5 poisoned darts
 y - 3 boomerangs
Armour
 k - a +0 buckler (worn)
 v - a +0 ring mail (worn)
 x - a +0 pair of boots (worn)
Jewellery
 n - the ring "Mismei" (left hand) {Fly Str+5 Dex+3 Slay+4}
   (You found it on level 2 of the Dungeon)

   [ring of slaying]

   Str:       It affects your strength (+5).
   Dex:       It affects your dexterity (+3).
   Slay:      It affects your accuracy & damage with ranged weapons and melee
   (+4).
   Fly:       It grants you flight.
 t - an amulet of the acrobat (around neck)
Wands
 f - a wand of digging (3)
 g - a wand of flame (40)
 w - a wand of polymorph (2)
Scrolls
 c - 2 scrolls of fog
 d - 2 scrolls of magic mapping
 e - 2 scrolls of fear
 h - 2 scrolls of enchant weapon
 l - 2 scrolls of poison
 o - a scroll of enchant armour
 A - a scroll of butterflies
 C - a scroll of identify
Potions
 i - a potion of flight {unknown}
 j - 2 potions of curing
 m - 2 potions of might {unknown}
 q - 3 potions of brilliance
 r - a potion of resistance {unknown}
 s - a potion of heal wounds {unknown}
 z - 2 potions of haste {unknown}


   Skills:
 - Level 3.2 Fighting
 - Level 2.0 Maces & Flails
 + Level 2.5 Ranged Weapons
 - Level 1.7 Dodging
 - Level 6.0 Stealth
 + Level 5.4 Shields
 + Level 6.5 Spellcasting
 + Level 4.3 Evocations


You had 20 spell levels left.
You didn't know any spells.
Your spell library contained the following spells:

 Spells                   Type           Power      Damage    Failure   Level
 Beastly Appendage        Tmut           8%         N/A       32%         1
 Sandblast                Erth           8%         2d5       32%         1
 Passwall                 Tmut/Erth      3%         N/A       45%         2
 Wereblood                Tmut           4%         N/A       45%         2
 Spider Form              Tmut/Pois      4%         N/A       69%         3
 Stone Arrow              Conj/Erth      8%         3d7       69%         3
 Blade Hands              Tmut           2%         N/A       100%        5
 Irradiate                Conj/Tmut      2%         3d12      100%        5
 Dragon Form              Tmut           2%         N/A       100%        7


Dungeon Overview and Level Annotations

Branches:
Dungeon (8/15)
 Temple: D:4-7         Lair: D:8-11

Altars:
Fedhas
Hepliaklqana
Makhleb
Okawaru
Zin

Shops:
D:5 !

Annotations:
D:4 exclusion: 4 doors, Edmund, Eustachio
D:6 exclusion: upstairs, Sigmund
D:7 exclusion: downstairs


Innate Abilities, Weirdness & Mutations

You cannot be hasted, slowed, berserked, paralysed or teleported.
You can dig through walls and to a lower floor.
You have a pair of large antennae on your head. (SInv)
Your four strong arms can wield two-handed weapons with a shield.


Message History

The sling bullet barely misses the orc warrior.
The orc warrior shoots a bolt.
The bolt hits you.
You shoot a sling bullet.
The sling bullet barely misses the orc warrior.
The orc warrior shoots a bolt.
The bolt barely misses you.
The orc warrior shoots a bolt.
The bolt hits you!
You shoot a sling bullet. The sling bullet hits the orc warrior.
The orc warrior is lightly wounded.
The orc warrior shoots a bolt.
The bolt hits you!
The orc warrior shoots a bolt.
The bolt closely misses you.
You shoot a sling bullet.
The sling bullet barely misses the orc warrior.
The orc warrior shoots a bolt.
The bolt barely misses you.
The orc warrior shoots a bolt.
You block the bolt.
You shoot a sling bullet.
The sling bullet closely misses the orc warrior.
The orc warrior shoots a bolt.
The bolt hits you!
The orc warrior shoots a bolt.
The bolt hits you.
You are too injured to fight recklessly!
Fire: a) +0 sling (heavy)
Press: ? - help, Q - select action, (/) - cycle Shift-Dir - straight line, f/p - orc warrior
Aim: an orc warrior, wielding a +0 arbalest and wearing a +0 chain mail (lightly wounded, 62% to hit)
You shoot a sling bullet. The sling bullet hits the orc warrior!
The orc warrior is heavily wounded.
The orc warrior shoots a bolt.
The bolt completely misses you.
Unknown command.
Fire: a) +0 sling (heavy)
Press: ? - help, Q - select action, (/) - cycle Shift-Dir - straight line, f/p - orc warrior
Aim: an orc warrior, wielding a +0 arbalest and wearing a +0 chain mail (heavily wounded, 62% to hit)
You shoot a sling bullet.
The sling bullet hits the orc warrior but does no damage.
The orc warrior is heavily wounded.
The orc warrior shoots a bolt.
The bolt hits you!
* * * LOW HITPOINT WARNING * * *
The orc warrior shoots a bolt.
The bolt hits you.
* * * LOW HITPOINT WARNING * * *
You reach down and close the door.
Something unseen opens the door.
The orc warrior shoots a bolt.
The bolt hits you!
You die...

#.#######.#...#≈≈#.. #.#
#.......#..###≈≈≈≈### ###
#######.#....≈≈≈≈≈≈. .# #......~≈≈≈≈≈ ..# {
#.#..###~≈≈~###.. ## #...#..o#~~#...# ..
###.#.⌠.#≈≈#.⌠.# .# #.#...#~≈#...#..#
#..###~..~###...# #..............#
#.o#).########## ##.{.## #.### ####### #)#
##.....# #)# ...).#.# ##.## ########
.#.#.#.# ##...## #......#### ###
.....#)######.....####.##......# #.###
.....#...............@....#.##.# #.#.#
.....##########o######......##.# #....
.#.#.# #.# #......##.# ###.# .....# #.#
#......##.# #.# ##.### ##'## ##.....##.#
#####.# ##.###### ##...## #.....##.#
##...#.# ........# ##.....## ###......#
#......# ....#.#.# ##.......## ##..#####
#...<>.#
.###....###<.......o####...#########.....##
. #......'........['...............<).....
.###....###..[.....)####...##########....##
......#.# ##........{.......# #.#.##
.###.##.# ##.....#.###.....# #.###
........# ##...##.# #.###.# #.# ####.####
##'###.# #.# #.# #.# #.# #.# #.###.###.#
###.### #.# ### #.# #.........# #.....# #.#
#.#####.#######.##### #.....### #.#
#.#.........# #.# #........


You could see an orc warrior.

Vanquished Creatures
  Grinder (D:4)
  An ice beast (D:6)
  A sky beast (D:6)
  2 scorpions (D:5)
  An electric eel (D:6)
  2 hounds (D:5)
  A jelly (D:6)
  An orc priest (D:5)
  2 sleepcaps (D:6)
  An iguana (D:6)
  3 orc wizards
  4 adders
  9 gnolls
  A shadow imp (D:5)
  2 white imps
  A worm (D:3)
  3 dart slugs
  18 orcs
  5 ball pythons
  7 bats
  10 endoplasms
  2 giant cockroaches
  5 goblins
  7 hobgoblins
  3 quokkas
  4 frilled lizards
  3 kobolds
  11 rats
111 creatures vanquished.

Vanquished Creatures (others)
  2 orc wizards (D:6)
  2 orcs (D:6)
4 creatures vanquished.

Grand Total: 115 creatures vanquished

Notes
Turn   | Place    | Note
-------+----------+-------------------------------------------
     0 | D:5      | petzl the Formicid Delver began the quest for the Orb.
     0 | D:5      | Reached XP level 1. HP: 18/18 MP: 1/1
   178 | D:5      | Found Jacyxolo's Distillery.
   182 | D:5      | Noticed a scorpion
   182 | D:5      | Noticed a scorpion
   186 | D:5      | Noticed an orc priest
   389 | D:2      | Reached XP level 2. HP: 24/24 MP: 3/3
   400 | D:2      | Identified the ring "Mismei" {Fly Str+5 Dex+3 Slay+4}
   444 | D:2      | Reached skill level 1 in Shields
   444 | D:2      | Reached skill level 1 in Spellcasting
   539 | D:1      | Reached skill level 1 in Evocations
   608 | D:1      | Reached XP level 3. HP: 29/29 MP: 5/5
  1449 | D:2      | Reached XP level 4. HP: 35/35 MP: 6/6
  1998 | D:4      | Noticed Grinder
  2078 | D:3      | You are sucked into a shaft and drop 3 floors!
  2292 | D:6      | Reached XP level 5. HP: 39/41 MP: 8/8
  2392 | D:5      | Bought a potion of degeneration for 13 gold pieces
  2482 | D:3      | Reached XP level 6. HP: 32/47 MP: 10/10
  2567 | D:3      | Found a glowing silver altar of Zin.
  2694 | D:3      | Found a burning altar of Makhleb.
  3073 | D:4      | Found a blossoming altar of Fedhas.
  3088 | D:4      | Killed Grinder
  3089 | D:4      | Reached skill level 5 in Spellcasting
  3089 | D:4      | Reached XP level 7. HP: 43/52 MP: 11/14
  3134 | D:4      | Noticed Eustachio
  3271 | D:4      | Found an iron altar of Okawaru.
  3281 | D:4      | Noticed Edmund
  3286 | D:4      | Found a hazy altar of Hepliaklqana.
  3553 | D:4      | You are sucked into a shaft and drop 1 floor!
  4019 | D:5      | You are sucked into a shaft and drop 1 floor!
  4241 | D:5      | Reached skill level 1 in Ranged Weapons
  4294 | D:5      | Reached XP level 8. HP: 55/58 MP: 17/17
  4562 | D:6      | Noticed Sigmund
  4791 | D:6      | Reached skill level 5 in Shields
  5481 | D:6      | Shot with a bolt by an orc warrior

Illustrated notes

Levels and vault maps discovered:
D:1:      minmay_arrival_wavy_path, layout_basic
D:2:      layout_basic, amcnicky_mini_rare_corridor_liquid
D:3:      layout_basic, old_standard_altar, mainiacjoe_overflow_24_doors
D:4:      layout_cave_pools, mainiacjoe_overflow_catch_the_wave,
          mainiacjoe_overflow_alcove_4, serial_glass, glass_columns_a,
          glass_columns_b, glass_columns_a, glass_columns_c, glass_columns_b,
          glass_columns_a, glass_columns_c, glass_columns_b, glass_columns_a,
          glass_columns_a, minmay_strange_pillars, minmay_mini_jars,
          uniq_grinder, uniq_edmund, uniq_eustachio
D:5:      layout_cave_pools, serial_shops, shop
D:6:      layout_loops_corners, gup_sewer_entry_bubbles, fountainhead,
          hangedman_decor_slide_cut, uniq_sigmund
D:7:      layout_basic, minmay_temple_entry_junction, serial_shops,
          nicolae_shop_behind_doors
D:8:      layout_basic, serial_demonic, serial_demonic_e, serial_demonic_f,
          serial_demonic_c, serial_demonic_c, serial_demonic_d,
          serial_demonic_a, serial_demonic_b, serial_demonic_d,
          serial_demonic_c, serial_demonic_g, minmay_shop_damaged, minivault_24,
          minmay_misc_feat_iff, uniq_pikel

Skill      XL: |  1  2  3  4  5  6  7  8 |
---------------+-------------------------+-----
Shields        | 1 2 3 4 5 |  5.4
Spellcasting   | 1 2 3 5 6 |  6.5
Evocations     | 1 2 3 4 |  4.3
Ranged Weapons | 1 2 |  2.5
Fighting       | |  3.2
Maces & Flails | |  2.0
Dodging        | |  1.7
Stealth        | |  6.0

Action                     |  1- 3 |  4- 6 |  7- 9 || total
---------------------------+-------+-------+-------++-------
  Melee: Mace              |    14 |    16 |       ||    30
         Punch             |     1 |       |       ||     1
         Flail             |       |    19 |    73 ||    92
   Fire: Sling             |    49 |    45 |    83 ||   177
Ability: Dig               |       |     3 |     1 ||     4
         Shaft Self        |       |     1 |     2 ||     3
  Evoke: Wand              |       |     2 |       ||     2
    Use: Scroll            |       |     7 |     2 ||     9
         Potion            |       |       |     2 ||     2
   Stab: Sleeping          |     4 |     2 |       ||     6
 Armour: Leather armour    |     6 |       |       ||     6
         Ring mail         |       |     8 |    45 ||    53
  Dodge: Dodged            |    15 |    19 |    83 ||   117
  Block: Buckler           |       |    13 |    35 ||    48

Table legend: (Time is in decaauts)
 A = Elapsed time spent in this place.
 B = Non-inter-level travel time spent in this place.
 C = Inter-level travel time spent in this place.
 D = Time resting spent in this place.
 E = Time spent auto-exploring this place.
 F = Levels seen in this place.
 G = Mean time per level.
                   A        B        C        D        E       F      G
               +--------+--------+--------+--------+--------+-----+--------+
         Total |   5634 |   5189 |    445 |   1122 |   1757 |   8 |  704.2 |
       Dungeon |   5634 |   5189 |    445 |   1122 |   1757 |   8 |  704.2 |
               +--------+--------+--------+--------+--------+-----+--------+

Top non-repeatable levels by time:
     D:6: 1837 daAuts
     D:3: 1005 daAuts
     D:2: 886 daAuts
     D:1: 649 daAuts
     D:4: 636 daAuts
     D:5: 530 daAuts
     D:7: 86 daAuts
     D:8: 1 daAuts
